 Dungeon Crawl Stone Soup version 0.21.1-1-g345015fe64 (webtiles) character file.

128 Ivernyr the Charmwright (level 5, -1/40 HPs)
             Began as a Human Skald on Apr 22, 2018.
             Slain by an adder (2 damage)
             ... on level 3 of the Dungeon.
             The game lasted 00:11:26 (3795 turns).

Ivernyr the Charmwright (Human Skald)               Turns: 3795, Time: 00:11:26

Health: -1/40      AC:  3    Str: 12    XL:     5   Next: 33%
Magic:  1/8        EV: 12    Int: 13    God:
Gold:   111        SH:  0    Dex: 13    Spells: 3/8 levels left

rFire    . . .     SeeInvis .   a - +0 falchion
rCold    . . .     Gourm    .   (no shield)
rNeg     . . .     Faith    .   b - +0 leather armour
rPois    .         Spirit   .   (no helmet)
rElec    .         Reflect  .   (no cloak)
rCorr    .         Harm     .   (no gloves)
MR       .....                  (no boots)
Stlth    +.........             (no amulet)
HPRegen  0.13/turn              (no ring)
MPRegen  0.11/turn              (no ring)

@: lethally poisoned (-1 -> -3), singing
A: no striking features
a: no special abilities


You were on level 3 of the Dungeon.
You were not hungry.

You visited 1 branch of the dungeon, and saw 3 of its levels.

You collected 111 gold pieces.

Inventory:

Hand Weapons
 a - a +0 falchion (weapon)
Missiles
 j - 6 tomahawks (quivered)
Armour
 b - a +0 leather armour (worn)
Wands
 o - a wand of paralysis (15)
Scrolls
 e - a scroll of enchant armour {unknown}
 g - 2 scrolls of identify {unknown}
 h - 4 scrolls of remove curse {unknown}
 l - a scroll of fear {unknown}
 m - a scroll of magic mapping {unknown}
 n - a scroll of noise {unknown}
 p - a scroll of enchant weapon {unknown}
 r - a scroll of teleportation {unknown}
Potions
 f - a potion of invisibility {unknown}
 i - a potion of flight {unknown}
 k - 2 potions of degeneration {unknown}
Books
 c - a book of Battle

   Spells                             Type                      Level
   a - Infusion                       Charms                       1
   b - Shroud of Golubria             Charms/Translocation         2
   c - Song of Slaying                Charms                       2
   d - Spectral Weapon                Hexes/Charms                 3
   e - Regeneration                   Charms/Necromancy            3
Comestibles
 d - 2 rations


   Skills:
 + Level 2.8 Fighting
 + Level 2.8 Long Blades
 * Level 3.1 Armour
 - Level 2.0 Dodging
 - Level 2.0 Spellcasting
 + Level 3.6 Charms


You had 3 spell levels left.
You knew the following spells:

 Your Spells              Type           Power        Failure   Level  Hunger
a - Shroud of Golubria    Chrm/Tloc      #.........   24%         2    ###....
b - Song of Slaying       Chrm           ##......     11%         2    ###....
c - Infusion              Chrm           ##..         8%          1    ##.....


Dungeon Overview and Level Annotations

Branches:
Dungeon (3/15)

Altars:
Wu Jian
Zin

Shops:
D:2 *


Message History

The adder is moderately wounded.
You feel sick. The adder bites you.
* * * LOW HITPOINT WARNING * * *
The adder bites you.
* * * LOW HITPOINT WARNING * * *
You barely miss the adder.
The adder is moderately wounded.
The adder bites you.
* * * LOW HITPOINT WARNING * * *
You closely miss the adder.
The adder is moderately wounded.
* * * LOW HITPOINT WARNING * * *
You feel sick. The adder completely misses you.
You riposte.
You barely miss the adder.
The adder is moderately wounded.
You hit the adder.
The adder is severely wounded.
* * * LOW HITPOINT WARNING * * *
You feel sick. The adder bites you.
You die...

#..†.......#
#.r...#....
#.....# # #.....#
#####.# #.# #.#
#S# #@# #.#
.#######.######
..............#.#
#####...####.#.#
#...# #.#.# #...#
#.#.#
####...####.#..
#.........#...#


You could see an adder.

Vanquished Creatures
  Ijyb (D:2)
  4 adders
  A worm (D:3)
  6 dart slugs
  4 bats
  A giant cockroach (D:2)
  5 goblins
  7 hobgoblins
  7 jackals (D:2)
  2 quokkas (D:2)
  A ball python (D:1)
  2 frilled lizards (D:1)
  5 kobolds
  6 rats
52 creatures vanquished.

Notes
Turn   | Place    | Note
-------+----------+-------------------------------------------
     0 | D:1      | Ivernyr the Human Skald began the quest for the Orb.
     0 | D:1      | Reached XP level 1. HP: 16/16 MP: 3/3
   223 | D:1      | Reached XP level 2. HP: 22/22 MP: 5/5
   227 | D:1      | Learned a level 2 spell: Song of Slaying
   230 | D:1      | Learned a level 2 spell: Shroud of Golubria
   579 | D:1      | Reached XP level 3. HP: 21/27 MP: 3/6
  1021 | D:2      | Found Zin's Purification Station.
  1023 | D:2      | Found a glowing silver altar of Zin.
  1433 | D:2      | Reached XP level 4. HP: 28/34 MP: 7/7
  1798 | D:3      | Noticed a phantom
  2199 | D:3      | Noticed Ijyb
  2438 | D:2      | Paralysed by Ijyb for 2 turns
  2443 | D:2      | Paralysed by Ijyb for 2 turns
  2455 | D:2      | Killed Ijyb
  2815 | D:3      | Reached XP level 5. HP: 28/39 MP: 2/8
  3009 | D:3      | Found an ornate altar of the Wu Jian Council.
  3794 | D:3      | HP: 2/40 [poisoned by an adder]
  3795 | D:3      | Slain by an adder

Skill      XL: |  1  2  3  4  5 |
---------------+----------------+-----
Armour         | 2 3 |  3.1
Fighting       | |  2.8
Long Blades    | |  2.8
Dodging        | |  2.0
Spellcasting   | |  2.0
Charms         | |  3.6

Action                   |  1- 3 |  4- 6 || total
-------------------------+-------+-------++-------
Melee: Falchion          |    84 |   156 ||   240
 Cast: Shroud of Golubri |     5 |    11 ||    16
       Song of Slaying   |     3 |     3 ||     6
       Infusion          |       |     3 ||     3
  Eat: Chunk             |     2 |     6 ||     8
       Ration            |       |     1 ||     1
Armor: Leather armour    |    19 |    42 ||    61
Dodge: Dodged            |    52 |   109 ||   161
       Rpst.: Falchion   |    18 |    32 ||    50
